 Dungeon Crawl Stone Soup version 0.32-a0-986-ga09f62fbf4 (webtiles) character file.

Game seed: 1640366710204860141

25174 CrossHare the Marksgoblin (level 13, -8/107 HPs)
             Began as a Coglin Hunter on Apr 21, 2024.
             Was a Follower of Qazlal.
             Shot with an arrow by a deep elf archer (22 damage)
             ... created by the fury of Okawaru
             ... on level 2 of the Lair of Beasts.
             The game lasted 00:26:26 (14060 turns).

CrossHare the Marksgoblin (Coglin Hunter)          Turns: 14060, Time: 00:26:27

Health: -8/107     AC: 14    Str: 16    XL:     13   Next: 17%
Magic:  13/13      EV: 15    Int: 10    God:    Qazlal [*.....]
Gold:   1869       SH:  2    Dex: 22    Spells: 12/12 levels left

rFire   + . .        a - +6 sling {Ana}
rCold   . . .        i - +3 hand cannon (drain) {Ekveer}
rNeg    + . .        x - +4 ring mail "Weis Qym" {rF+ Str+3}
rPois   .            d - +0 helmet of the Spheres {rN+ Str+2}
rElec   .            (no cloak)
rCorr   .            A - +0 pair of gloves
SInv    .            w - +1 pair of boots
Will    .....        (amulet unavailable)
Stlth   +            (ring unavailable)
HPRegen 0.37/turn    (ring unavailable)
MPRegen 0.13/turn    (no gizmo)

%: no passive effects
@: slowed, revved, very slow
A: off-hand wielding, slow wielding, warmup strikes, no jewellery
a: Invent Gizmo, Renounce Religion


You were on level 2 of the Lair of Beasts.
You worshipped Qazlal.
Qazlal was aware of your devotion.
You visited 3 branches of the dungeon, and saw 15 of its levels.

You collected 1905 gold pieces.
You spent 36 gold pieces at shops.

Inventory:

Hand Weapons
 a - a +6 sling (weapon) {Ana}
 i - a +3 hand cannon of draining (offhand) {Ekveer}
Missiles
 r - a throwing net
 s - a curare-tipped dart
Armour
 d - the +0 helmet of the Spheres (worn) {rN+ Str+2}
   (Okawaru gifted it to you on level 11 of the Dungeon)

   Str+2:     It affects your strength (+2).
   rN+:       It protects you from negative energy.
 o - a +1 leather armour of positive energy
 w - a +1 pair of boots (worn)
 x - the +4 ring mail "Weis Qym" (worn) {rF+ Str+3}
   (You found it on level 9 of the Dungeon)

   Str+3:     It affects your strength (+3).
   rF+:       It protects you from fire.
 z - a +0 helmet
 A - a +0 pair of gloves (worn)
Wands
 n - a wand of flame (14)
Scrolls
 b - 2 scrolls of butterflies
 c - 3 scrolls of amnesia
 f - a scroll of identify
 h - a scroll of immolation
 l - 4 scrolls of fog
Potions
 e - a potion of curing
 g - 3 potions of brilliance
 j - a potion of might {unknown}
 k - 2 potions of enlightenment
 m - a potion of lignification
 q - 3 potions of berserk rage
 u - a potion of resistance
 v - 3 potions of mutation


   Skills:
 + Level 11.7 Fighting
 * Level 15.1 Ranged Weapons
 - Level 5.0 Armour
 + Level 7.3 Dodging
 - Level 0.7 Stealth


You had 12 spell levels left.
You didn't know any spells.
Your spell library contained the following spells:

 Spells                   Type           Power      Damage    Failure   Level
 Foxfire                  Conj/Fire      0%         2x1d4     56%         1
 Magic Dart               Conj           0%         1d3       56%         1
 Sandblast                Erth           0%         2d4       56%         1
 Lesser Beckoning         Tloc           0%         N/A       71%         2
 Searing Ray              Conj           0%         2d4       71%         2
 Maxwell's Portable Pile  Tloc           0%         2d(5-13)  90%         3
 Passwall                 Erth           0%         N/A       90%         3
 Stone Arrow              Conj/Erth      0%         3d7       90%         3
 Teleport Other           Tloc           0%         N/A       90%         3
 Brom's Barrelling Bould  Conj/Erth      0%         2d3       100%        4
 Fulminant Prism          Conj/Alch      0%         3d5       100%        4
 Bombard                  Conj/Erth      0%         9d1       100%        6
 Plasma Beam              Fire/Air       0%         2x1d10    100%        6
 Starburst                Conj/Fire      0%         6d3       100%        6
 Seismic Cannonade        Alch/Erth      0%         6d4       100%        7


Dungeon Overview and Level Annotations

Branches:
Dungeon (11/15)            Temple (1/1) D:5            Lair (3/5) D:11
 Shoals (0/4) Lair:2          Orc (0/2) D:11
  Snake: Lair:2-3    Spider: Lair:2-3

Altars:
Ashenzari
Cheibriados
Dithmenos
Elyvilon
Fedhas
Gozag
Hepliaklqana
Kikubaaqudgha
Makhleb
Nemelex Xobeh
Okawaru
Qazlal
Ru
Sif Muna
Trog
Uskayaw
Vehumet
Wu Jian
Xom
Yredelemnul
Zin
The Shining One

Shops:
D:2 !   D:5 ::

Annotations:
D:4 2 transporters, terelglass's ghost, amateur TrSh
D:9 3 runed translucent doors, exclusion: 3 doors


Innate Abilities, Weirdness & Mutations

You can wield a second weapon in your off-hand.
It takes a long time for you to wield or remove held weapons.
Your first few attacks do less damage.
You cannot equip rings or amulets.


Message History

The deep elf archer is heavily wounded.
You shoot a sling bullet.
The sling bullet completely misses the deep elf archer.
The deep elf archer shoots an arrow.
The arrow closely misses you.
You shoot a slug.
The slug completely misses the deep elf archer.
You shoot a sling bullet.
The sling bullet completely misses the deep elf archer.
The deep elf archer shoots an arrow.
The arrow barely misses you.
The deep elf archer shoots an arrow.
The arrow hits you but does no damage.
You shoot a sling bullet.
The sling bullet hits the deep elf archer.
The deep elf archer is heavily wounded.
You shoot a slug. The slug misses the deep elf archer.
The deep elf archer shoots an arrow.
The arrow hits you!!
The deep elf archer casts a spell at you.
You feel as though you will be slow longer.
You shoot a sling bullet.
The sling bullet completely misses the deep elf archer.
You shoot a slug. The slug hits the deep elf archer!
The deep elf archer is almost dead.
The deep elf archer shoots an arrow.
The arrow hits you!!
* * * LOW HITPOINT WARNING * * *
You shoot a slug.
The slug completely misses the deep elf archer.
You shoot a sling bullet.
The sling bullet hits the deep elf archer.
The deep elf archer is almost dead.
The deep elf archer casts a spell at you.
You feel as though you will be slow longer.
You shoot a slug. The slug is repelled.
You shoot a sling bullet. The sling bullet is repelled.
The deep elf archer shoots an arrow.
The arrow completely misses you.
Unknown command.
You shoot a slug.
The slug hits the deep elf archer but does no damage.
The deep elf archer is almost dead.
You shoot a sling bullet. The sling bullet is repelled.
The deep elf archer shoots an arrow.
The arrow hits you!!
You die...

.#.....P.>........#
..#....PP...P....##
.##......P....P...#
....P.....P.....###
.##....PP..P.P.##
.##.P..P.......#
.............#########
#....#...#..##.##☼PPP###.
#######...e.....@○P......
###P...P.##P#P..###
###############


You could see a deep elf archer (repels missiles).

Vanquished Creatures
  Snorg (D:11)
  A hydra (Lair:2)
  A two-headed ogre (D:11)
  4 death yaks
  A tengu warrior (Lair:2)
  An ugly thing (D:11)
  4 cyclopes
  A manticore (D:11)
  4 cane toads (Lair:1)
  An unseen horror (D:11)
  A rime drake (Lair:1)
  2 komodo dragons
  A troll (D:11)
  2 polar bears (D:10)
  A hornet (D:8)
  7 blink frogs
  2 centaur simulacra (D:10)
  2 shadows (D:11)
  36 yaks
  A wraith (D:8)
  A vampire (D:11)
  4 basilisks
  A wyvern (Lair:1)
  2 steam dragons
  6 vampire mosquitoes
  Menkaure (D:4)
  3 nagas (Lair:2)
  5 orc warriors
  7 water moccasins
  7 ice beasts
  2 sky beasts (D:7)
  A black bear (D:7)
  3 ogres
  7 wolves
  3 centaurs
  3 phantoms
  3 kobold brigands
  10 bullfrogs
  A gnoll sergeant (D:9)
  A scorpion (D:4)
  9 wights
  11 killer bees
  5 howler monkeys
  6 electric eels (D:7)
  2 bombardier beetles
  11 orc priests
  2 jellies
  2 hounds
  5 iguanas
  4 sleepcaps
  14 orc wizards
  6 gnolls
  4 adders
  A shadow imp (D:6)
  4 white imps
  A ribbon worm (D:2)
  3 dart slugs
  49 orcs
  9 bats
  7 endoplasms
  5 giant cockroaches
  11 hobgoblins
  A jackal (D:4)
  A quokka (D:2)
  9 ball pythons
  2 frilled lizards (D:3)
  2 goblins
  20 kobolds
  4 rats
355 creatures vanquished.

Notes
Turn   | Place    | Note
-------+----------+-------------------------------------------
     0 | D:1      | CrossHare the Coglin Hunter began the quest for the Orb.
     0 | D:1      | Reached XP level 1. HP: 16/16 MP: 1/1
    92 | D:1      | Reached XP level 2. HP: 22/22 MP: 2/2
   258 | D:1      | Reached skill level 4 in Ranged Weapons
   424 | D:1      | Reached XP level 3. HP: 28/28 MP: 3/3
   819 | D:2      | Found Xeidulan's Distillery.
   832 | D:2      | Bought a potion of curing for 36 gold pieces
  1012 | D:3      | Reached XP level 4. HP: 34/34 MP: 4/4
  1062 | D:3      | Found a hazy altar of Hepliaklqana.
  1063 | D:3      | Found a faded altar of an unknown god.
  1939 | D:3      | Reached skill level 5 in Ranged Weapons
  1939 | D:3      | Reached XP level 5. HP: 41/41 MP: 5/5
  2034 | D:4      | Noticed a phantom
  2048 | D:4      | Killed a phantom
  2107 | D:4      | Found a transporter.
  2112 | D:4      | Found a shimmering blue altar of Sif Muna.
  2164 | D:4      | Reached XP level 6. HP: 47/48 MP: 6/6
  2257 | D:4      | Reached skill level 6 in Ranged Weapons
  2396 | D:4      | Found a transporter.
  2399 | D:4      | Noticed terelglass's ghost (amateur TrSh)
  2415 | D:4      | Found a glowing silver altar of Zin.
  2444 | D:4      | Noticed Menkaure
  2452 | D:4      | Killed Menkaure
  2453 | D:4      | Reached XP level 7. HP: 53/55 MP: 7/7
  2484 | D:4      | Reached skill level 5 in Fighting
  2484 | D:4      | Reached skill level 7 in Ranged Weapons
  3087 | D:5      | Entered Level 5 of the Dungeon
  3130 | D:5      | Found Jilul's Self-Published Books.
  3149 | D:5      | Reached XP level 8. HP: 63/63 MP: 8/8
  3212 | D:5      | Found a staircase to the Ecumenical Temple.
  3221 | Temple   | Entered the Ecumenical Temple
  3230 | Temple   | Became a worshipper of Warmaster Okawaru
  3383 | D:5      | Found Goham's Book Shoppe.
  3738 | D:6      | Reached skill level 8 in Ranged Weapons
  3977 | D:6      | Reached * piety under Okawaru
  4172 | D:5      | Reached skill level 9 in Ranged Weapons
  4336 | D:5      | Reached XP level 9. HP: 71/71 MP: 9/9
  4547 | D:6      | Identified a scroll of acquirement
  4547 | D:6      | Acquired 968 gold pieces
  4634 | D:6      | Found a bloodstained altar of Trog.
  4719 | D:6      | Reached ** piety under Okawaru
  5239 | D:7      | Reached skill level 10 in Ranged Weapons
  6519 | D:8      | Reached *** piety under Okawaru
  6520 | D:8      | Reached XP level 10. HP: 80/80 MP: 10/10
  6531 | D:8      | Reached skill level 11 in Ranged Weapons
  7143 | D:8      | Found an ornate altar of the Wu Jian Council.
  7656 | D:9      | Identified the +4 ring mail "Weis Qym" {rF+ Str+3}
  7786 | D:9      | Found a runed translucent door.
  7786 | D:9      | Found a runed translucent door.
  7786 | D:9      | Noticed a skeletal warrior
  7788 | D:9      | Found a runed translucent door.
  7878 | D:9      | Reached **** piety under Okawaru
  7986 | D:9      | Reached skill level 1 in Armour
  7992 | D:9      | Reached skill level 12 in Ranged Weapons
  8609 | D:10     | Entered Level 10 of the Dungeon
  8785 | D:10     | Found a glowing golden altar of the Shining One.
  8794 | D:10     | Noticed a death yak
  8829 | D:10     | Killed a death yak
  8829 | D:10     | Reached ***** piety under Okawaru
  8830 | D:10     | Reached XP level 11. HP: 89/89 MP: 11/11
  9379 | D:10     | Reached skill level 10 in Fighting
  9386 | D:10     | Reached skill level 13 in Ranged Weapons
  9503 | D:10     | Found a white marble altar of Elyvilon.
  9503 | D:10     | Found a faded altar of an unknown god.
  9511 | D:10     | Found an opulent altar of Gozag.
  9513 | D:10     | Found a faded altar of an unknown god.
  9544 | D:10     | Found a broken altar of Ashenzari.
  9704 | D:11     | Noticed a purple ugly thing
  9715 | D:11     | Killed a purple ugly thing
  9737 | D:11     | Noticed a cyclops
  9753 | D:11     | Killed a cyclops
 10284 | D:11     | Noticed a cyclops
 10293 | D:11     | Killed a cyclops
 10293 | D:11     | Received a gift from Okawaru
 10350 | D:11     | Noticed a two-headed ogre
 10350 | D:11     | Noticed Snorg
 10374 | D:11     | Killed a two-headed ogre
 10375 | D:11     | Reached skill level 5 in Dodging
 10375 | D:11     | Killed Snorg
 10376 | D:11     | Reached XP level 12. HP: 43/98 MP: 9/12
 10578 | D:11     | Reached ****** piety under Okawaru
 10583 | D:11     | Acquired a +3 hand cannon of draining
 10583 | D:11     | Received a gift from Okawaru
 10595 | D:11     | Acquired the +0 helmet of the Spheres {rN+ Str+2}
 10595 | D:11     | Received a gift from Okawaru
 10634 | D:11     | Received a gift from Okawaru
 10823 | D:11     | Found a staircase to the Lair.
 10874 | D:11     | Reached skill level 5 in Armour
 11165 | D:11     | Found a staircase to the Orcish Mines.
 11740 | Temple   | Fell from the grace of Okawaru
 11740 | Temple   | Became a worshipper of Qazlal Stormbringer
 12007 | Lair:1   | Entered Level 1 of the Lair of Beasts
 12023 | Lair:1   | Reached skill level 14 in Ranged Weapons
 12502 | Lair:1   | Reached * piety under Qazlal
 12774 | Lair:2   | Identified the +4 arbalest of the Chewing Seer {antimagic,
                  | Str-2 Int+6}
 12995 | Lair:2   | Noticed a minotaur
 12995 | Lair:2   | Noticed a tengu warrior
 12995 | Lair:2   | Noticed a tengu warrior
 13291 | Lair:3   | Reached XP level 13. HP: 106/106 MP: 13/13
 13325 | Lair:2   | Reached skill level 15 in Ranged Weapons
 13449 | Lair:2   | HP: 5/107 [rime drake (5)]
 13450 | Lair:2   | Found a staircase to the Shoals.
 14060 | Lair:2   | Shot with an arrow by a deep elf archer

Illustrated notes

Levels and vault maps discovered:
D:1:      co_arrival_square_in_a_square_in_a_square, layout_loops_ring
D:2:      layout_basic, serial_shops, shop
D:3:      minmay_wonky_spiral, layout_basic, beargit_hepliaklqana_dungeon_heroes
D:4:      minmay_recursive_quarters, layout_basic, mainiacjoe_overflow_brackets,
          nicolae_sif_muna_little_library, gammafunk_ghost_stat_death,
          uniq_menkaure
D:5:      layout_basic, minmay_temple_entry_statues_pillars, serial_shops,
          nicolae_shop_tiny_real_fake_doors, nicolae_custom_books
D:6:      layout_loops_cross, old_standard_altar
D:7:      layout_gridville, serial_library_hellmonk_h_bend, grunt_ministairs_9,
          serial_bayou_lagoon_b
D:8:      layout_cave_pools, lemuel_crystal_altar, kennysheep_generic_room_12
D:9:      minmay_the_grid_triangle_9x9_rhombus_full
          [minmay_the_grid_triangle_9x9_semitri,
          minmay_the_grid_triangle_9x9_subtriangle,
          minmay_the_grid_triangle_9x9_fully_insulated_deathbox,
          minmay_the_grid_triangle_9x9_steps,
          minmay_the_grid_triangle_9x9_zippers_horizontal,
          minmay_the_grid_triangle_9x9_swiss_cheese,
          minmay_the_grid_triangle_9x9_alien,
          minmay_the_grid_triangle_9x9_prize_top_heavy], layout_basic
D:10:     layout_long_grid, lemuel_doored_altar,
          chequers_temple_overflow_minitemple, serial_ice, serial_ice_b,
          serial_ice_k, serial_ice_d, serial_ice_n, serial_ice_o, serial_ice_g,
          serial_ice_m
D:11:     layout_stronghold, david_lair_shrubbed, hiddenorc2_lemuel,
          kennysheep_generic_room_15, uniq_snorg
Temple:   dshaligram_water_room_temple
Lair:1:   layout_regular_city
Lair:2:   layout_loops_ring, minmay_shoals_entry_centaurs,
          minmay_snake_entry_guardpost_medium
Lair:3:   layout_regular_city, nicolae_lair_lakeside_cave, grunt_megastairs_2,
          infiniplex_staircase_pool, serial_bayou_shore_b, uniq_gastronok

Skill      XL: |  1  2  3  4  5  6  7  8  9 10 11 12 13 |
---------------+----------------------------------------+-----
Ranged Weapons | 4 5 6 7 9 10 12 13 14 15 | 15.1
Fighting       | 3 4 5 6 8 9 10 11 | 11.7
Dodging        | 3 5 6 7 |  7.3
Armour         | 2 4 5 |  5.0
Stealth        | |  0.7

Action                     |  1- 3 |  4- 6 |  7- 9 | 10-12 | 13-15 || total
---------------------------+-------+-------+-------+-------+-------++-------
   Fire: Sling             |   138 |   212 |   648 |  1150 |    79 ||  2227
         Hand cannon       |       |       |       |   200 |    79 ||   279
  Throw: Dart              |       |       |     1 |     1 |       ||     2
         Throwing net      |       |       |       |     1 |       ||     1
 Invoke: Heroism           |       |       |       |     3 |       ||     3
         Receive Weapon    |       |       |       |     1 |       ||     1
         Receive Armour    |       |       |       |     1 |       ||     1
    Use: Scroll            |     6 |     6 |     6 |    10 |     3 ||    31
         Potion            |       |       |       |     8 |     4 ||    12
 Armour: Leather armour    |     9 |    23 |    72 |    34 |       ||   138
         Ring mail         |       |       |       |   187 |    58 ||   245
  Dodge: Dodged            |     8 |    21 |    50 |   166 |    35 ||   280
  Block: Other             |       |       |       |     1 |     4 ||     5

Table legend: (Time is in decaauts)
 A = Elapsed time spent in this place.
 B = Non-inter-level travel time spent in this place.
 C = Inter-level travel time spent in this place.
 D = Time resting spent in this place.
 E = Time spent auto-exploring this place.
 F = Levels seen in this place.
 G = Mean time per level.
                   A        B        C        D        E       F      G
               +--------+--------+--------+--------+--------+-----+--------+
         Total |  14082 |  13360 |    722 |    591 |  10639 |  15 |  938.8 |
       Dungeon |  11968 |  11307 |    661 |    330 |   9173 |  11 | 1088.0 |
        Temple |     38 |     12 |     26 |      0 |      0 |   1 |   38.0 |
          Lair |   2076 |   2041 |     35 |    261 |   1466 |   3 |  692.0 |
               +--------+--------+--------+--------+--------+-----+--------+

Top non-repeatable levels by time:
    D:11: 1983 daAuts
     D:7: 1444 daAuts
     D:9: 1305 daAuts
     D:4: 1131 daAuts
     D:5: 1118 daAuts
     D:3: 1064 daAuts
    D:10: 1044 daAuts
  Lair:1: 1026 daAuts
  Lair:2: 1015 daAuts
     D:6: 937 daAuts
     D:8: 886 daAuts
     D:1: 608 daAuts
     D:2: 443 daAuts
  Temple: 38 daAuts
  Lair:3: 35 daAuts
